TOP OF THE 1ST |
Nashville G-Strings batting - Pitching for Kenilworth Aces : RHP Lorenzo Aguilar
|
Pitching: RHP Lorenzo Aguilar
|
|
Batting: RHB Jesús Cabrera
|
0-0: Ball 1-0: Ball 2-0: Called Strike 2-1: Called Strike 2-2: Ball 3-2: Ground out 6-3 (Groundball, 6)
|
Batting: LHB Ramón Morales
|
0-0: Called Strike 0-1: Ball 1-1: Fly out, F5 (Popup, 56S)
|
Batting: LHB Bob Cunningham
|
0-0: Ball 1-0: Foul Ball, location: 2F 1-1: Ball 2-1: Ball 3-1: Swinging Strike 3-2: Base on Balls
|
Batting: RHB Sergio Márquez
|
0-0: Called Strike 0-1: Foul Ball, location: 2F 0-2: Strikes out looking
|
Top of the 1st over - 0 runs, 0 hits, 0 errors, 1 left on base; Nashville 0 - Kenilworth 0 |
BOTTOM OF THE 1ST |
Kenilworth Aces batting - Pitching for Nashville G-Strings : LHP Bill Moore
|
Pitching: LHP Bill Moore
|
|
Batting: RHB Andrés Lara
|
0-0: Called Strike 0-1: Called Strike 0-2: Foul Ball, location: 2F 0-2: Foul Ball, location: 2F 0-2: Foul Ball, location: 2F 0-2: Ball 1-2: Ground out 4-3 (Groundball, 4)
|
Batting: RHB Jorge Jiménez
|
0-0: Called Strike 0-1: Ball 1-1: Swinging Strike 1-2: Foul Ball, location: 2F 1-2: Strikes out swinging
|
Batting: LHB Barrett Waters
|
0-0: SINGLE (Groundball, 4MD)
|
Batting: LHB Roy Patrick
|
0-0: Ball 1-0: Ball 2-0: Ball 3-0: Base on Balls Barrett Waters to second
|
Batting: RHB Wilbert Rodgers
|
0-0: Ball 1-0: Called Strike 1-1: Ground out U3 (Groundball, 3)
|
Bottom of the 1st over - 0 runs, 1 hit, 0 errors, 2 left on base; Nashville 0 - Kenilworth 0 |
TOP OF THE 2ND |
Nashville G-Strings batting - Pitching for Kenilworth Aces : RHP Lorenzo Aguilar
|
Batting: LHB Miguel Rivería
|
0-0: Foul Ball, location: 2F 0-1: Called Strike 0-2: Foul Ball, location: 2F 0-2: Ball 1-2: Strikes out swinging
|
Batting: SHB Ricardo Arévalo
|
0-0: Ball 1-0: Foul Ball, location: 2F 1-1: Ball 2-1: Ball 3-1: Base on Balls
|
Batting: LHB Robinson Fernández
|
0-0: Called Strike 0-1: Ball 1-1: Foul Ball, location: 2F 1-2: Ball 2-2: Fly out, F7 (Line Drive, 7)
|
Batting: RHB Wilfred Martin
|
0-0: Called Strike 0-1: Ball 1-1: Called Strike 1-2: SINGLE (Flyball, 5D) Ricardo Arévalo to second
|
Batting: RHB Juan Costello
|
0-0: Swinging Strike 0-1: Foul Ball, location: 2F 0-2: Strikes out swinging
|
Top of the 2nd over - 0 runs, 1 hit, 0 errors, 2 left on base; Nashville 0 - Kenilworth 0 |
BOTTOM OF THE 2ND |
Kenilworth Aces batting - Pitching for Nashville G-Strings : LHP Bill Moore
|
Batting: LHB Santiago Márquez
|
0-0: Fly out, F9 (Flyball, 9S)
|
Batting: RHB Hollis Wood
|
0-0: Called Strike 0-1: Called Strike 0-2: Ball 1-2: Ball 2-2: SINGLE (Flyball, 78S)
|
Batting: RHB Taylor McFarland
|
0-0: Called Strike 0-1: Ball 1-1: Foul Ball, location: 2F 1-2: Grounds into double play, 6-4-3 (Groundball, 6)
|
Bottom of the 2nd over - 0 runs, 1 hit, 0 errors, 0 left on base; Nashville 0 - Kenilworth 0 |
TOP OF THE 3RD |
Nashville G-Strings batting - Pitching for Kenilworth Aces : RHP Lorenzo Aguilar
|
Batting: RHB Jesús Cabrera
|
0-0: Ball 1-0: Foul Ball, location: 2F 1-1: Called Strike 1-2: Ball 2-2: Strikes out swinging
|
Batting: LHB Ramón Morales
|
0-0: Called Strike 0-1: Swinging Strike 0-2: Ball 1-2: Fly out, F5 (Popup, 5L)
|
Batting: LHB Bob Cunningham
|
0-0: Foul Ball, location: 2F 0-1: Ball 1-1: Ball 2-1: Ball 3-1: Fly out, F9 (Flyball, 9LSF)
|
Top of the 3rd over - 0 runs, 0 hits, 0 errors, 0 left on base; Nashville 0 - Kenilworth 0 |
BOTTOM OF THE 3RD |
Kenilworth Aces batting - Pitching for Nashville G-Strings : LHP Bill Moore
|
Batting: LHB Jim Jensen
|
0-0: Ball 1-0: Called Strike 1-1: Fly out, F2 (Popup, 25F)
|
Batting: RHB Andrés Lara
|
0-0: Ground out 4-3 (Groundball, 4)
|
Batting: RHB Jorge Jiménez
|
0-0: Called Strike 0-1: Fly out, F9 (Line Drive, 9S)
|
Bottom of the 3rd over - 0 runs, 0 hits, 0 errors, 0 left on base; Nashville 0 - Kenilworth 0 |
TOP OF THE 4TH |
Nashville G-Strings batting - Pitching for Kenilworth Aces : RHP Lorenzo Aguilar
|
Batting: RHB Sergio Márquez
|
0-0: Called Strike 0-1: Ball 1-1: Ball 2-1: Ball 3-1: Called Strike 3-2: Base on Balls
|
Batting: LHB Miguel Rivería
|
0-0: Called Strike 0-1: Ball 1-1: Foul Ball, location: 2F 1-2: Foul Ball, location: 2F 1-2: Ground out 6-3 (Groundball, 6S) Sergio Márquez to second
|
Batting: SHB Ricardo Arévalo
|
0-0: Ball 1-0: Ball 2-0: Ball 3-0: Base on Balls
|
Batting: LHB Robinson Fernández
|
0-0: Foul Ball, location: 2F 0-1: Ball 1-1: Ball 2-1: Ball 3-1: Base on Balls Sergio Márquez to third Ricardo Arévalo to second
|
Batting: RHB Wilfred Martin
|
0-0: Called Strike 0-1: Ball 1-1: Ball 2-1: Foul Ball, location: 2F 2-2: Grounds into double play, 6-4-3 (Groundball, 56)
|
Top of the 4th over - 0 runs, 0 hits, 0 errors, 2 left on base; Nashville 0 - Kenilworth 0 |
BOTTOM OF THE 4TH |
Kenilworth Aces batting - Pitching for Nashville G-Strings : LHP Bill Moore
|
Batting: LHB Barrett Waters
|
0-0: Ball 1-0: Fly out, F8 (Flyball, 8RM)
|
Batting: LHB Roy Patrick
|
0-0: Called Strike 0-1: Ball 1-1: Called Strike 1-2: Ball 2-2: Ball 3-2: Foul Ball, location: 2F 3-2: Strikes out swinging
|
Batting: RHB Wilbert Rodgers
|
0-0: Foul Ball, location: 2F 0-1: Called Strike 0-2: Ground out 5-3 (Groundball, 56)
|
Bottom of the 4th over - 0 runs, 0 hits, 0 errors, 0 left on base; Nashville 0 - Kenilworth 0 |
TOP OF THE 5TH |
Nashville G-Strings batting - Pitching for Kenilworth Aces : RHP Lorenzo Aguilar
|
Batting: RHB Juan Costello
|
0-0: Called Strike 0-1: Ground out 5-3 (Groundball, 56)
|
Batting: RHB Jesús Cabrera
|
0-0: Called Strike 0-1: Ball 1-1: Foul Ball, location: 2F 1-2: Ground out 6-3 (Groundball, 6)
|
Batting: LHB Ramón Morales
|
0-0: Called Strike 0-1: Swinging Strike 0-2: Strikes out swinging
|
Top of the 5th over - 0 runs, 0 hits, 0 errors, 0 left on base; Nashville 0 - Kenilworth 0 |
BOTTOM OF THE 5TH |
Kenilworth Aces batting - Pitching for Nashville G-Strings : LHP Bill Moore
|
Batting: LHB Santiago Márquez
|
0-0: Ball 1-0: Ball 2-0: Fly out, F8 (Flyball, 8LS)
|
Batting: RHB Hollis Wood
|
0-0: Ball 1-0: Ground out 5-3 (Groundball, 56)
|
Batting: RHB Taylor McFarland
|
0-0: Swinging Strike 0-1: Ground out 1-3 (Groundball, 13S)
|
Bottom of the 5th over - 0 runs, 0 hits, 0 errors, 0 left on base; Nashville 0 - Kenilworth 0 |
TOP OF THE 6TH |
Nashville G-Strings batting - Pitching for Kenilworth Aces : RHP Lorenzo Aguilar
|
Batting: LHB Bob Cunningham
|
0-0: Called Strike 0-1: SINGLE (Line Drive, 6MD)
|
Batting: RHB Sergio Márquez
|
0-0: Fly out, F9 (Flyball, 89M)
|
Batting: LHB Miguel Rivería
|
0-0: Called Strike 0-1: Foul Ball, location: 2F 0-2: Ball 1-2: Strikes out looking
|
Batting: SHB Ricardo Arévalo
|
0-0: Foul Ball, location: 2F 0-1: Called Strike 0-2: Strikes out swinging
|
Top of the 6th over - 0 runs, 1 hit, 0 errors, 1 left on base; Nashville 0 - Kenilworth 0 |
BOTTOM OF THE 6TH |
Kenilworth Aces batting - Pitching for Nashville G-Strings : LHP Bill Moore
|
Batting: LHB Jim Jensen
|
0-0: Ball 1-0: Ball 2-0: Swinging Strike 2-1: Fly out, F9 (Flyball, 89S)
|
Batting: RHB Andrés Lara
|
0-0: Ball 1-0: Ball 2-0: Ball 3-0: Called Strike 3-1: Fly out, F4 (Popup, 4)
|
Batting: RHB Jorge Jiménez
|
0-0: Ball 1-0: Ball 2-0: Ground out 4-3 (Groundball, 4)
|
Bottom of the 6th over - 0 runs, 0 hits, 0 errors, 0 left on base; Nashville 0 - Kenilworth 0 |
TOP OF THE 7TH |
Nashville G-Strings batting - Pitching for Kenilworth Aces : RHP Lorenzo Aguilar
|
Batting: LHB Robinson Fernández
|
0-0: Ball 1-0: Called Strike 1-1: Foul Ball, location: 2F 1-2: Strikes out swinging
|
Batting: RHB Wilfred Martin
|
0-0: Ball 1-0: SINGLE (Groundball, 6MD)
|
Pinch Hitting: SHB Rob Grun
|
0-0: Fly out, F8 (Flyball, 8LM)
|
Batting: RHB Jesús Cabrera
|
0-0: Called Strike 0-1: Foul Ball, location: 2F 0-2: Ball 1-2: Ball 2-2: Fielders Choice at 2nd, 6-4 (Groundball, 6)
|
Top of the 7th over - 0 runs, 1 hit, 0 errors, 1 left on base; Nashville 0 - Kenilworth 0 |
BOTTOM OF THE 7TH |
Kenilworth Aces batting - Pitching for Nashville G-Strings : LHP Bill Moore
|
Now in RF: Rob Grun
|
|
Batting: LHB Barrett Waters
|
0-0: Ball 1-0: Ball 2-0: Called Strike 2-1: Ball 3-1: Foul Ball, location: 2F 3-2: Ground out 3-1 (Groundball, 34S)
|
Batting: LHB Roy Patrick
|
0-0: SINGLE (Groundball, 56D)
|
Batting: RHB Wilbert Rodgers
|
0-0: Ball 1-0: Called Strike 1-1: Ball 2-1: Grounds into double play, 5-4-3 (Groundball, 56)
|
Bottom of the 7th over - 0 runs, 1 hit, 0 errors, 0 left on base; Nashville 0 - Kenilworth 0 |
TOP OF THE 8TH |
Nashville G-Strings batting - Pitching for Kenilworth Aces : RHP Lorenzo Aguilar
|
Batting: LHB Ramón Morales
|
0-0: Called Strike 0-1: Ball 1-1: SINGLE (Groundball, 4MD)
|
Batting: LHB Bob Cunningham
|
0-0: Called Strike 0-1: Ball 1-1: Ball 2-1: Called Strike Ramón Morales steals 2nd base 2-2: Fly out, F7 (Flyball, 7LS)
|
Pitching: LHP Alfonso Ramos
|
|
Batting: RHB Sergio Márquez
|
0-0: Intentional Walk
|
Batting: LHB Miguel Rivería
|
0-0: Swinging Strike 0-1: Ball 1-1: Called Strike 1-2: Ball 2-2: Ball 3-2: Strikes out swinging Sergio Márquez steals 2nd base Batter strikes out. Ramón Morales to third
|
Pinch Hitting: SHB Jorge Flores
|
0-0: Ball 1-0: Foul Ball, location: 2F 1-1: Ball 2-1: Foul Ball, location: 2F 2-2: Foul Ball, location: 2F 2-2: Strikes out swinging
|
Top of the 8th over - 0 runs, 1 hit, 0 errors, 2 left on base; Nashville 0 - Kenilworth 0 |
BOTTOM OF THE 8TH |
Kenilworth Aces batting - Pitching for Nashville G-Strings : LHP Bill Moore
|
Now at SS: Jorge Flores
|
|
Pinch Hitting: RHB Luis Sánchez
|
0-0: Ball 1-0: Called Strike 1-1: Foul Ball, location: 2F 1-2: Ball 2-2: Foul Ball, location: 2F 2-2: Foul Ball, location: 2F 2-2: Fly out, F7 (Flyball, 7S)
|
Batting: RHB Hollis Wood
|
0-0: Called Strike 0-1: Fly out, F6 (Line Drive, 6)
|
Batting: RHB Taylor McFarland
|
0-0: Swinging Strike 0-1: Ball 1-1: Swinging Strike 1-2: Ball 2-2: Ball 3-2: Strikes out swinging
|
Bottom of the 8th over - 0 runs, 0 hits, 0 errors, 0 left on base; Nashville 0 - Kenilworth 0 |
TOP OF THE 9TH |
Nashville G-Strings batting - Pitching for Kenilworth Aces : LHP Alfonso Ramos
|
Pitching: RHP Tony Rocha
|
|
Now at 1B: José Sánchez
|
|
Batting: LHB Robinson Fernández
|
0-0: Foul Ball, location: 2F 0-1: Fly out, F8 (Line Drive, 78M)
|
Batting: RHB Wilfred Martin
|
0-0: Fly out, F8 (Flyball, 8RXD)
|
Batting: SHB Rob Grun
|
0-0: Called Strike 0-1: Called Strike 0-2: Ball 1-2: Strikes out swinging
|
Top of the 9th over - 0 runs, 0 hits, 0 errors, 0 left on base; Nashville 0 - Kenilworth 0 |
BOTTOM OF THE 9TH |
Kenilworth Aces batting - Pitching for Nashville G-Strings : LHP Bill Moore
|
Batting: LHB Jim Jensen
|
0-0: Ball 1-0: Called Strike 1-1: Ball 2-1: Ground out U3 (Groundball, 3)
|
Batting: RHB Andrés Lara
|
0-0: Ball 1-0: Called Strike 1-1: Ball 2-1: Ball 3-1: Ground out 6-3 (Groundball, 6)
|
Batting: RHB Jorge Jiménez
|
0-0: Ball 1-0: Called Strike 1-1: Called Strike 1-2: SINGLE (Groundball, 4MD)
|
Batting: LHB Barrett Waters
|
0-0: Ball 1-0: Called Strike 1-1: Ball 2-1: Ball 3-1: Foul Ball, location: 2F 3-2: Fly out, F9 (Flyball, 9LD)
|
Bottom of the 9th over - 0 runs, 1 hit, 0 errors, 1 left on base; Nashville 0 - Kenilworth 0 |
TOP OF THE 10TH |
Nashville G-Strings batting - Pitching for Kenilworth Aces : RHP Tony Rocha
|
Batting: RHB Jesús Cabrera
|
0-0: Swinging Strike 0-1: Foul Ball, location: 2F 0-2: Ball 1-2: Ball 2-2: Ball 3-2: Strikes out swinging
|
Batting: LHB Ramón Morales
|
0-0: Called Strike 0-1: Called Strike 0-2: Ball 1-2: Ball 2-2: SINGLE (Groundball, 34D)
|
Batting: LHB Bob Cunningham
|
0-0: Ball 1-0: Ball Ramón Morales steals 2nd base 2-0: Called Strike 2-1: Swinging Strike 2-2: Strikes out looking
|
Batting: RHB Sergio Márquez
|
0-0: Ball 1-0: Foul Ball, location: 2F 1-1: Swinging Strike 1-2: Foul Ball, location: 2F 1-2: Strikes out looking
|
Top of the 10th over - 0 runs, 1 hit, 0 errors, 1 left on base; Nashville 0 - Kenilworth 0 |
BOTTOM OF THE 10TH |
Kenilworth Aces batting - Pitching for Nashville G-Strings : LHP Bill Moore
|
Batting: LHB Roy Patrick
|
0-0: Called Strike 0-1: Ball 1-1: Ball 2-1: Ball 3-1: SINGLE (Line Drive, 7S)
|
Pitching: RHP Mario Machado
|
|
Batting: RHB Wilbert Rodgers
|
0-0: Ball 1-0: Fly out, F6 (Popup, 6MD)
|
Pitching: LHP Raúl Sandoval
|
|
Batting: LHB José Sánchez
|
0-0: Ball 1-0: Ball 2-0: Called Strike Roy Patrick steals 2nd base 2-1: Foul Ball, location: 2F 2-2: Ground out 4-3 (Groundball, 4) Roy Patrick to third
|
Pitching: RHP Kimitada Takai
|
|
Batting: RHB Hollis Wood
|
0-0: Swinging Strike 0-1: Ground out 4-3 (Groundball, 34)
|
Bottom of the 10th over - 0 runs, 1 hit, 0 errors, 1 left on base; Nashville 0 - Kenilworth 0 |
TOP OF THE 11TH |
Nashville G-Strings batting - Pitching for Kenilworth Aces : RHP Tony Rocha
|
Pitching: RHP Robinson Gonzáles
|
|
Batting: LHB Miguel Rivería
|
0-0: Ball 1-0: Called Strike 1-1: Ball 2-1: Ground out 1-3 (Groundball, P)
|
Batting: SHB Jorge Flores
|
0-0: Ground out 6-3 (Groundball, 6)
|
Batting: LHB Robinson Fernández
|
0-0: Called Strike 0-1: Ball 1-1: Fly out, F7 (Flyball, 7LDF)
|
Top of the 11th over - 0 runs, 0 hits, 0 errors, 0 left on base; Nashville 0 - Kenilworth 0 |
BOTTOM OF THE 11TH |
Kenilworth Aces batting - Pitching for Nashville G-Strings : RHP Kimitada Takai
|
Batting: RHB Taylor McFarland
|
0-0: Ball 1-0: Ground out 3-1 (Groundball, 34S)
|
Batting: LHB Jim Jensen
|
0-0: Ball 1-0: Fly out, F9 (Flyball, 9S)
|
Batting: RHB Andrés Lara
|
0-0: Ball 1-0: Ball 2-0: DOUBLE (Line Drive, 7LM)
|
Batting: RHB Jorge Jiménez
|
0-0: Called Strike 0-1: Foul Ball, location: 2F 0-2: Ball 1-2: Strikes out swinging
|
Bottom of the 11th over - 0 runs, 1 hit, 0 errors, 1 left on base; Nashville 0 - Kenilworth 0 |
TOP OF THE 12TH |
Nashville G-Strings batting - Pitching for Kenilworth Aces : RHP Robinson Gonzáles
|
Batting: RHB Wilfred Martin
|
0-0: Called Strike 0-1: Ball 1-1: Ground out 4-3 (Groundball, 4)
|
Batting: SHB Rob Grun
|
0-0: Called Strike 0-1: Ball 1-1: Ball 2-1: Ground out 4-3 (Groundball, 4)
|
Batting: RHB Jesús Cabrera
|
0-0: Called Strike 0-1: Foul Ball, location: 2F 0-2: Ball 1-2: Foul Ball, location: 2F 1-2: Foul Ball, location: 2F 1-2: Strikes out swinging
|
Top of the 12th over - 0 runs, 0 hits, 0 errors, 0 left on base; Nashville 0 - Kenilworth 0 |
BOTTOM OF THE 12TH |
Kenilworth Aces batting - Pitching for Nashville G-Strings : RHP Kimitada Takai
|
Batting: LHB Barrett Waters
|
0-0: Ball 1-0: Foul Ball, location: 2F 1-1: Foul Ball, location: 2F 1-2: Foul Ball, location: 2F 1-2: Ball 2-2: Foul Ball, location: 2F 2-2: Foul Ball, location: 2F 2-2: Foul Ball, location: 2F 2-2: Ground out 4-3 (Groundball, 4)
|
Batting: LHB Roy Patrick
|
0-0: Ball 1-0: Foul Ball, location: 2F 1-1: Called Strike 1-2: Ball 2-2: Foul Ball, location: 2F 2-2: Foul Ball, location: 2F 2-2: Foul Ball, location: 2F 2-2: Strikes out swinging
|
Batting: RHB Wilbert Rodgers
|
0-0: Fly out, F7 (Flyball, 78M)
|
Bottom of the 12th over - 0 runs, 0 hits, 0 errors, 0 left on base; Nashville 0 - Kenilworth 0 |
TOP OF THE 13TH |
Nashville G-Strings batting - Pitching for Kenilworth Aces : RHP Robinson Gonzáles
|
Pitching: LHP Mark Murchison
|
|
Batting: LHB Ramón Morales
|
0-0: Called Strike 0-1: Ball 1-1: Ball 2-1: Foul Ball, location: 2F 2-2: Ground out 4-3 (Groundball, 4)
|
Batting: LHB Bob Cunningham
|
0-0: Called Strike 0-1: Ball 1-1: Ball 2-1: Fly out, F7 (Flyball, 7LM)
|
Batting: RHB Sergio Márquez
|
0-0: Called Strike 0-1: Foul Ball, location: 2F 0-2: Ball 1-2: Strikes out looking
|
Top of the 13th over - 0 runs, 0 hits, 0 errors, 0 left on base; Nashville 0 - Kenilworth 0 |
BOTTOM OF THE 13TH |
Kenilworth Aces batting - Pitching for Nashville G-Strings : RHP Kimitada Takai
|
Pinch Hitting: LHB Roger Moore
|
0-0: Fly out, F9 (Flyball, 89D)
|
Batting: RHB Hollis Wood
|
0-0: Foul Ball, location: 2F 0-1: Fly out, F3 (Popup, 3F)
|
Batting: RHB Taylor McFarland
|
0-0: Ball 1-0: Ball 2-0: SINGLE (Line Drive, 4MD)
|
Batting: LHB Jim Jensen
|
0-0: Foul Ball, location: 2F 0-1: Fly out, F7 (Flyball, 78S)
|
Bottom of the 13th over - 0 runs, 1 hit, 0 errors, 1 left on base; Nashville 0 - Kenilworth 0 |
TOP OF THE 14TH |
Nashville G-Strings batting - Pitching for Kenilworth Aces : LHP Mark Murchison
|
Now at 1B: Julián Madrid
|
|
Batting: LHB Miguel Rivería
|
0-0: Called Strike 0-1: Ball 1-1: Foul Ball, location: 2F 1-2: Ball 2-2: Strikes out swinging
|
Batting: SHB Jorge Flores
|
0-0: Ball 1-0: Called Strike 1-1: Ball 2-1: Ball 3-1: Swinging Strike 3-2: Foul Ball, location: 2F 3-2: Strikes out swinging
|
Batting: LHB Robinson Fernández
|
0-0: Foul Ball, location: 2F 0-1: Swinging Strike 0-2: Ball 1-2: Ball 2-2: Ball 3-2: SINGLE (Groundball, 4S) (infield hit)
|
Batting: RHB Wilfred Martin
|
0-0: Called Strike 0-1: Ball 1-1: Called Strike 1-2: Foul Ball, location: 2F 1-2: Ball 2-2: Ball 3-2: Strikes out swinging
|
Top of the 14th over - 0 runs, 1 hit, 0 errors, 1 left on base; Nashville 0 - Kenilworth 0 |
BOTTOM OF THE 14TH |
Kenilworth Aces batting - Pitching for Nashville G-Strings : RHP Kimitada Takai
|
Batting: RHB Andrés Lara
|
0-0: DOUBLE (Line Drive, 7D)
|
Batting: RHB Jorge Jiménez
|
0-0: Ground out 5-3 (Groundball, 5)
|
Pitching: RHP José Salinas
|
|
Batting: LHB Barrett Waters
|
0-0: Ball 1-0: Ball 2-0: Called Strike 2-1: Called Strike 2-2: Fly out, F8 (Flyball, 8LM)
|
Batting: LHB Roy Patrick
|
0-0: Fly out, F8 (Flyball, 8LS)
|
Bottom of the 14th over - 0 runs, 1 hit, 0 errors, 1 left on base; Nashville 0 - Kenilworth 0 |
TOP OF THE 15TH |
Nashville G-Strings batting - Pitching for Kenilworth Aces : LHP Mark Murchison
|
Pitching: RHP Bartolo García
|
|
Batting: SHB Rob Grun
|
0-0: Called Strike 0-1: Swinging Strike 0-2: Foul Ball, location: 2F 0-2: Strikes out swinging
|
Batting: RHB Jesús Cabrera
|
0-0: Ball 1-0: Ball 2-0: Ball 3-0: Ground out 5-3 (Groundball, 56)
|
Batting: LHB Ramón Morales
|
0-0: Called Strike 0-1: Ball 1-1: Foul Ball, location: 2F 1-2: Ball 2-2: Ball 3-2: Foul Ball, location: 2F 3-2: Foul Ball, location: 2F 3-2: Ground out 3-1 (Groundball, 34)
|
Top of the 15th over - 0 runs, 0 hits, 0 errors, 0 left on base; Nashville 0 - Kenilworth 0 |
BOTTOM OF THE 15TH |
Kenilworth Aces batting - Pitching for Nashville G-Strings : RHP José Salinas
|
Batting: RHB Wilbert Rodgers
|
0-0: Called Strike 0-1: Ball 1-1: Foul Ball, location: 2F 1-2: Ball 2-2: Ball 3-2: Fly out, F7 (Flyball, 7LS)
|
Batting: SHB Julián Madrid
|
0-0: Called Strike 0-1: Ball 1-1: Called Strike 1-2: Foul Ball, location: 2F 1-2: Foul Ball, location: 2F 1-2: Fly out, F4 (Line Drive, 4)
|
Batting: RHB Hollis Wood
|
0-0: Ball 1-0: Ball 2-0: Ball 3-0: Base on Balls
|
Batting: RHB Taylor McFarland
|
0-0: Ball 1-0: Ground out 4-3 (Groundball, 34)
|
Bottom of the 15th over - 0 runs, 0 hits, 0 errors, 1 left on base; Nashville 0 - Kenilworth 0 |
TOP OF THE 16TH |
Nashville G-Strings batting - Pitching for Kenilworth Aces : RHP Bartolo García
|
Batting: LHB Bob Cunningham
|
0-0: Ball 1-0: Called Strike 1-1: Ground out 4-3 (Groundball, 4)
|
Batting: RHB Sergio Márquez
|
0-0: Called Strike 0-1: Ground out U3 (Groundball, 3S)
|
Batting: LHB Miguel Rivería
|
0-0: Foul Ball, location: 2F 0-1: Called Strike 0-2: Ball 1-2: Ground out U3 (Groundball, 3)
|
Top of the 16th over - 0 runs, 0 hits, 0 errors, 0 left on base; Nashville 0 - Kenilworth 0 |
BOTTOM OF THE 16TH |
Kenilworth Aces batting - Pitching for Nashville G-Strings : RHP José Salinas
|
Batting: LHB Jim Jensen
|
0-0: Ball 1-0: Ball 2-0: Fly out, F5 (Popup, 5F)
|
Batting: RHB Andrés Lara
|
0-0: Ball 1-0: Called Strike 1-1: Called Strike 1-2: Strikes out swinging
|
Batting: RHB Jorge Jiménez
|
0-0: Ball 1-0: Ball 2-0: Called Strike 2-1: Swinging Strike 2-2: Strikes out looking
|
Bottom of the 16th over - 0 runs, 0 hits, 0 errors, 0 left on base; Nashville 0 - Kenilworth 0 |
TOP OF THE 17TH |
Nashville G-Strings batting - Pitching for Kenilworth Aces : RHP Bartolo García
|
Pitching: RHP Pablo Cabral
|
|
Batting: SHB Jorge Flores
|
0-0: Swinging Strike 0-1: Ball 1-1: Ground out 5-3 (Groundball, 5)
|
Batting: LHB Robinson Fernández
|
0-0: Called Strike 0-1: Ball 1-1: Ball 2-1: Foul Ball, location: 2F 2-2: Ball 3-2: Ground out U3 (Groundball, 34D)
|
Batting: RHB Wilfred Martin
|
0-0: Fly out, F8 (Flyball, 89D)
|
Top of the 17th over - 0 runs, 0 hits, 0 errors, 0 left on base; Nashville 0 - Kenilworth 0 |
BOTTOM OF THE 17TH |
Kenilworth Aces batting - Pitching for Nashville G-Strings : RHP José Salinas
|
Batting: LHB Barrett Waters
|
0-0: Called Strike 0-1: Foul Ball, location: 2F 0-2: Ball 1-2: Ground out 1-3 (Groundball, 13)
|
Batting: LHB Roy Patrick
|
0-0: Ground out U3 (Groundball, 3L)
|
Batting: RHB Wilbert Rodgers
|
0-0: Ball 1-0: Called Strike 1-1: Swinging Strike 1-2: Ball 2-2: Foul Ball, location: 2F 2-2: SINGLE (Line Drive, 6D)
|
Batting: SHB Julián Madrid
|
0-0: Ball 1-0: Ball 2-0: Foul Ball, location: 2F 2-1: 2-RUN HOME RUN (Flyball, 9LD), Distance : 341 ft
|
Saturday, April 7th, 2018 - OOTP Baseball 18.8 Build 76
|
|